[ AOE2 MATCH · #507356179 ]
UnrankedTeutons vs Burgundians
Player's team · WIN
Rival team · LOSS
[ REPLAY ANALYSIS · EXTRACTED FROM THE RECORDED GAME ]
Feudal
9:53
Castle
25:22
Imperial
39:10
| APM avg | 29.1 |
| APM peak | 88 |
| eAPM avg | 20.0 |
| Villagers / military | 126 / 108 |
Focus
⚔️ 35.6% · 🌾 64.4%
Teutonic Knight ×55 · Knight ×30 · Petard ×9 · Battering Ram ×9 · Trebuchet (Packed) ×3 · Monk ×2
Feudal
12:00
Castle
23:31
Imperial
28:49
| APM avg | 41.6 |
| APM peak | 75 |
| eAPM avg | 28.1 |
| Villagers / military | 158 / 118 |
Focus
⚔️ 30.1% · 🌾 69.9%
Spearman ×62 · Hand Cannoneer ×28 · Coustillier ×16 · Militia ×4 · Trebuchet (Packed) ×4 · Mangonel ×3
Match map
Initial resources + every placement click. Lines = walls · curves = elevation contours. ◆ gold · ⬟ stone · ● berries · ✦ relic · ◌ wall gap
Your base· ✓ Closed at 25:22 · 5t walls · 2 gate(s)
SNWY4's base· ✓ Closed at 23:31 · 29t walls · 2 gate(s)
Smoothed initial terrain · ◌ = detected wall gap · hover for details
Inputs per minute
— [Los Sanguinarios] Daro087 - - SNWY4
Build order — [Los Sanguinarios] Daro087
First 150 of 389 actions detected
| 0:00 | Queue | Villager (Male) |
| 0:01 | Queue | Villager (Male) |
| 0:01 | Queue | Villager (Male) |
| 0:02 | Build | House |
| 0:03 | Build | House |
| 0:13 | Build | House |
| 0:33 | Queue | Villager (Male) |
| 0:33 | Queue | Villager (Male) |
| 1:45 | Queue | Villager (Male) |
| 1:45 | Queue | Villager (Male) |
| 1:59 | Queue | Villager (Male) |
| 2:00 | Queue | Villager (Male) |
| 2:19 | Queue | Villager (Male) |
| 2:19 | Queue | Villager (Male) |
| 2:39 | Build | Lumber Camp |
| 2:41 | Queue | Villager (Male) |
| 2:41 | Queue | Villager (Male) |
| 2:52 | Queue | Villager (Male) |
| 2:52 | Queue | Villager (Male) |
| 2:58 | Build | House |
| 3:34 | Queue | Villager (Male) |
| 3:47 | Queue | Villager (Male) |
| 3:47 | Queue | Villager (Male) |
| 3:48 | Queue | Villager (Male) |
| 4:17 | Build | House |
| 4:27 | Queue | Villager (Male) |
| 5:28 | Queue | Villager (Male) |
| 5:38 | Build | Mining Camp |
| 5:55 | Queue | Villager (Male) |
| 6:16 | Queue | Villager (Male) |
| 6:17 | Research | Loom |
| 7:11 | Queue | Villager (Male) |
| 7:21 | Build | Mill |
| 7:43 | Research | Feudal Age |
| 8:08 | Build | House |
| 8:29 | Queue | Villager (Male) |
| 8:31 | Queue | Villager (Male) |
| 9:53 | Age | Feudal Age |
| 10:35 | Queue | Villager (Male) |
| 10:35 | Queue | Villager (Male) |
| 10:35 | Queue | Villager (Male) |
| 10:55 | Queue | Villager (Male) |
| 10:55 | Queue | Villager (Male) |
| 10:55 | Queue | Villager (Male) |
| 11:11 | Queue | Villager (Male) |
| 11:11 | Queue | Villager (Male) |
| 11:25 | Build | Watch Tower |
| 11:33 | Build | House |
| 11:37 | Build | House |
| 11:39 | Build | Palisade Wall |
| 11:42 | Build | Palisade Wall |
| 11:44 | Build | Palisade Wall |
| 11:47 | Build | House |
| 11:57 | Build | Palisade Wall |
| 12:05 | Build | Palisade Wall |
| 12:11 | Queue | Villager (Male) |
| 12:11 | Queue | Villager (Male) |
| 12:40 | Build | Blacksmith |
| 12:41 | Research | Double-Bit Axe |
| 12:52 | Research | Town Watch |
| 12:52 | Queue | Villager (Male) |
| 12:52 | Queue | Villager (Male) |
| 12:53 | Queue | Villager (Male) |
| 12:53 | Queue | Villager (Male) |
| 13:14 | Build | Farm |
| 13:14 | Build | Farm |
| 13:16 | Queue | Villager (Male) |
| 13:33 | Build | Watch Tower |
| 13:40 | Queue | Villager (Male) |
| 13:42 | Build | House |
| 13:57 | Build | House |
| 14:12 | Build | Watch Tower |
| 14:23 | Build | Farm |
| 14:23 | Queue | Villager (Male) |
| 14:34 | Queue | Villager (Male) |
| 15:07 | Queue | Villager (Male) |
| 15:09 | Build | Farm |
| 15:29 | Queue | Villager (Male) |
| 15:33 | Build | House |
| 15:33 | Build | House |
| 16:09 | Build | Watch Tower |
| 16:19 | Queue | Villager (Male) |
| 16:21 | Research | Fletching |
| 16:23 | Build | Farm |
| 16:43 | Build | Farm |
| 16:59 | Queue | Villager (Male) |
| 17:01 | Build | Farm |
| 17:03 | Queue | Villager (Male) |
| 17:32 | Build | House |
| 19:11 | Build | Mining Camp |
| 19:20 | Queue | Villager (Male) |
| 19:20 | Queue | Villager (Male) |
| 19:24 | Build | Farm |
| 19:26 | Build | Farm |
| 19:26 | Build | Farm |
| 19:26 | Build | Farm |
| 19:26 | Build | Farm |
| 19:28 | Research | Horse Collar |
| 19:33 | Build | Market |
| 19:38 | Build | Farm |
| 19:44 | Build | Barracks |
| 19:57 | Build | House |
| 19:59 | Build | House |
| 20:04 | Build | Farm |
| 20:12 | Queue | Villager (Male) |
| 20:15 | Research | Wheelbarrow |
| 20:18 | Build | Farm |
| 20:45 | Build | Farm |
| 20:55 | Build | Lumber Camp |
| 21:32 | Queue | Villager (Male) |
| 21:33 | Queue | Villager (Male) |
| 22:06 | Build | Farm |
| 22:18 | Queue | Villager (Male) |
| 22:21 | Build | Farm |
| 22:38 | Research | Castle Age |
| 22:38 | Research | Castle Age |
| 22:44 | Build | Farm |
| 22:52 | Build | Stable |
| 23:03 | Research | Scale Barding Armor |
| 23:22 | Build | Outpost |
| 23:28 | Research | Bloodlines |
| 23:59 | Research | Gold Mining |
| 24:10 | Build | Stable |
| 24:30 | Queue | Villager (Male) |
| 25:22 | Age | Castle Age |
| 25:26 | Queue | Knight |
| 25:26 | Queue | Knight |
| 25:26 | Queue | Knight |
| 25:41 | Research | Pikeman (upgrade) |
| 25:43 | Queue | Villager (Male) |
| 25:44 | Queue | Villager (Male) |
| 25:50 | Build | House |
| 25:53 | Build | House |
| 26:02 | Queue | Knight |
| 26:02 | Queue | Knight |
| 26:32 | Queue | Knight |
| 26:33 | Queue | Knight |
| 26:57 | Build | Castle |
| 27:18 | Queue | Villager (Male) |
| 27:18 | Queue | Villager (Male) |
| 27:23 | Build | Town Center |
| 27:28 | Build | Monastery |
| 27:58 | Build | Siege Workshop |
| 28:12 | Queue | Petard |
| 28:12 | Queue | Petard |
| 28:14 | Queue | Villager (Male) |
| 28:14 | Queue | Villager (Male) |
| 28:29 | Queue | Monk |
| 28:30 | Queue | Monk |
| 28:38 | Queue | Battering Ram |
Build order — SNWY4
First 150 of 455 actions detected
| 0:01 | Queue | Villager (Male) |
| 0:01 | Queue | Villager (Male) |
| 0:01 | Queue | Villager (Male) |
| 0:02 | Queue | Villager (Male) |
| 0:03 | Build | House |
| 0:04 | Build | House |
| 1:26 | Queue | Villager (Male) |
| 1:26 | Queue | Villager (Male) |
| 1:47 | Build | Lumber Camp |
| 2:03 | Queue | Villager (Male) |
| 2:16 | Queue | Villager (Male) |
| 2:51 | Queue | Villager (Male) |
| 2:52 | Queue | Villager (Male) |
| 3:16 | Queue | Villager (Male) |
| 3:16 | Queue | Villager (Male) |
| 3:39 | Queue | Villager (Male) |
| 3:39 | Queue | Villager (Male) |
| 3:53 | Queue | Villager (Male) |
| 4:00 | Build | Mill |
| 4:15 | Queue | Villager (Male) |
| 4:15 | Queue | Villager (Male) |
| 4:17 | Build | House |
| 4:24 | Research | Loom |
| 4:38 | Research | Double-Bit Axe |
| 4:41 | Queue | Villager (Male) |
| 4:42 | Queue | Villager (Male) |
| 4:47 | Queue | Villager (Male) |
| 4:47 | Queue | Villager (Male) |
| 5:27 | Queue | Villager (Male) |
| 5:27 | Queue | Villager (Male) |
| 5:54 | Build | House |
| 6:08 | Queue | Villager (Male) |
| 6:30 | Queue | Villager (Male) |
| 6:48 | Build | Barracks |
| 6:56 | Queue | Villager (Male) |
| 7:13 | Queue | Villager (Male) |
| 7:14 | Queue | Villager (Male) |
| 7:41 | Queue | Militia |
| 7:41 | Queue | Militia |
| 7:42 | Queue | Militia |
| 7:59 | Build | Mill |
| 8:08 | Queue | Villager (Male) |
| 8:13 | Build | House |
| 8:27 | Queue | Villager (Male) |
| 8:36 | Build | Mining Camp |
| 9:00 | Queue | Villager (Male) |
| 9:36 | Research | Feudal Age |
| 9:36 | Research | Feudal Age |
| 10:04 | Queue | Villager (Male) |
| 10:31 | Queue | Villager (Male) |
| 10:32 | Queue | Villager (Male) |
| 10:33 | Queue | Villager (Male) |
| 10:58 | Build | House |
| 11:26 | Queue | Militia |
| 11:34 | Queue | Villager (Male) |
| 11:48 | Queue | Villager (Male) |
| 12:00 | Age | Feudal Age |
| 12:03 | Build | House |
| 12:06 | Build | House |
| 12:08 | Queue | Villager (Male) |
| 12:34 | Build | Stone Wall |
| 12:40 | Build | Stone Wall |
| 12:43 | Queue | Villager (Male) |
| 12:49 | Build | Market |
| 12:50 | Build | Blacksmith |
| 12:58 | Build | Stone Wall |
| 13:05 | Queue | Villager (Male) |
| 13:25 | Queue | Villager (Male) |
| 13:44 | Build | Stone Wall |
| 13:55 | Research | Bow Saw |
| 13:55 | Research | Bow Saw |
| 14:01 | Build | Farm |
| 14:01 | Build | Farm |
| 14:02 | Build | Farm |
| 14:13 | Build | Mining Camp |
| 14:28 | Build | Stone Wall |
| 14:44 | Build | Stone Wall |
| 14:53 | Queue | Villager (Male) |
| 15:11 | Build | Farm |
| 15:11 | Build | Farm |
| 15:12 | Build | Farm |
| 15:30 | Build | Watch Tower |
| 15:37 | Queue | Villager (Male) |
| 15:40 | Queue | Villager (Male) |
| 15:40 | Queue | Villager (Male) |
| 15:55 | Research | Fletching |
| 15:58 | Queue | Villager (Male) |
| 16:02 | Build | Farm |
| 16:07 | Build | House |
| 16:39 | Build | Farm |
| 16:42 | Build | Farm |
| 16:53 | Build | Watch Tower |
| 17:03 | Queue | Villager (Male) |
| 17:08 | Build | Farm |
| 17:14 | Build | House |
| 17:26 | Queue | Villager (Male) |
| 17:48 | Queue | Villager (Male) |
| 17:55 | Queue | Villager (Male) |
| 18:06 | Queue | Villager (Male) |
| 18:13 | Build | Farm |
| 18:14 | Build | Farm |
| 18:17 | Build | Farm |
| 18:58 | Queue | Villager (Male) |
| 19:01 | Build | Farm |
| 19:05 | Build | Farm |
| 19:10 | Research | Wheelbarrow |
| 19:25 | Build | House |
| 19:40 | Build | House |
| 19:49 | Build | Lumber Camp |
| 20:51 | Research | Castle Age |
| 20:52 | Research | Castle Age |
| 21:52 | Queue | Villager (Male) |
| 22:03 | Research | Horse Collar |
| 22:03 | Research | Horse Collar |
| 22:20 | Build | Farm |
| 22:20 | Build | Farm |
| 22:24 | Build | Farm |
| 22:27 | Build | Farm |
| 22:33 | Build | Farm |
| 22:34 | Build | Farm |
| 22:41 | Build | Farm |
| 23:31 | Age | Castle Age |
| 23:36 | Build | Castle |
| 23:47 | Build | Farm |
| 24:01 | Queue | Villager (Male) |
| 24:02 | Queue | Villager (Male) |
| 24:38 | Queue | Villager (Male) |
| 24:47 | Queue | Coustillier |
| 24:48 | Queue | Coustillier |
| 25:18 | Queue | Coustillier |
| 25:39 | Research | Imperial Age |
| 25:39 | Research | Imperial Age |
| 26:02 | Build | Gate |
| 26:21 | Build | Siege Workshop |
| 26:31 | Queue | Villager (Male) |
| 27:12 | Build | Farm |
| 27:12 | Build | Farm |
| 27:24 | Queue | Villager (Male) |
| 27:41 | Queue | Mangonel |
| 27:56 | Build | Stone Wall |
| 27:58 | Build | Stone Wall |
| 27:59 | Build | Stone Wall |
| 28:49 | Age | Imperial Age |
| 28:51 | Queue | Trebuchet (Packed) |
| 28:53 | Queue | Villager (Male) |
| 29:13 | Build | Town Center |
| 29:19 | Queue | Villager (Male) |
| 29:29 | Queue | Mangonel |
| 29:40 | Queue | Villager (Male) |
| 29:58 | Queue | Trebuchet (Packed) |
Match timeline
| 6:48 | SNWY4 · first_building Barracks |
| 9:53 | [Los Sanguinarios] Daro087 · age_up feudal |
| 11:39 | [Los Sanguinarios] Daro087 · wall_segment Palisade Wall x1 |
| 11:42 | [Los Sanguinarios] Daro087 · wall_segment Palisade Wall x1 |
| 11:44 | [Los Sanguinarios] Daro087 · wall_segment Palisade Wall x1 |
| 11:57 | [Los Sanguinarios] Daro087 · wall_segment Palisade Wall x1 |
| 12:00 | SNWY4 · age_up feudal |
| 12:05 | [Los Sanguinarios] Daro087 · wall_segment Palisade Wall x1 |
| 12:34 | SNWY4 · wall_segment Stone Wall x1 |
| 12:40 | SNWY4 · wall_segment Stone Wall x6 |
| 12:58 | SNWY4 · wall_segment Stone Wall x9 |
| 13:44 | SNWY4 · wall_segment Stone Wall x3 |
| 14:28 | SNWY4 · wall_segment Stone Wall x7 |
| 14:44 | SNWY4 · wall_segment Stone Wall x3 |
| 15:53 | SNWY4 · first_market_buy 100 food |
| 19:44 | [Los Sanguinarios] Daro087 · first_building Barracks |
| 22:52 | [Los Sanguinarios] Daro087 · first_building Stable |
| 23:31 | SNWY4 · age_up castle |
| 23:36 | SNWY4 · first_building Castle |
| 25:08 | SNWY4 · first_market_sell 100 wood |
| 25:22 | [Los Sanguinarios] Daro087 · age_up castle |
| 26:21 | SNWY4 · first_building Siege Workshop |
| 26:57 | [Los Sanguinarios] Daro087 · first_building Castle |
| 27:28 | [Los Sanguinarios] Daro087 · first_building Monastery |
| 27:56 | SNWY4 · wall_segment Stone Wall x1 |
| 27:58 | [Los Sanguinarios] Daro087 · first_building Siege Workshop |
| 27:58 | SNWY4 · wall_segment Stone Wall x1 |
| 27:59 | SNWY4 · wall_segment Stone Wall x1 |
| 28:28 | [Los Sanguinarios] Daro087 · first_market_sell 100 food |
| 28:49 | SNWY4 · age_up imperial |
| 30:17 | [Los Sanguinarios] Daro087 · first_market_buy 100 stone |
| 33:44 | SNWY4 · wall_segment Palisade Wall x1 |
| 33:46 | SNWY4 · wall_segment Palisade Wall x1 |
| 33:48 | SNWY4 · wall_segment Palisade Wall x1 |
| 33:49 | SNWY4 · wall_segment Palisade Wall x1 |
| 33:51 | SNWY4 · wall_segment Palisade Wall x1 |
| 36:29 | SNWY4 · first_building Archery Range |
| 36:45 | SNWY4 · wall_segment Stone Wall x2 |
| 39:10 | [Los Sanguinarios] Daro087 · age_up imperial |
| 49:10 | SNWY4 · resign |
[ AI ANALYSIS · 1 CREDIT ]
What really happened in this match?
Wolo.gg analyzes every decision: build order, eco, micro, common mistakes by bracket. Personalized analysis on WhatsApp or Discord in 30 seconds.
Civ guide
Teutons
Perfil
[Los Sanguinarios] Daro087